TOP OF THE 1ST |
St Charles Sheens batting - Pitching for Vista Panthers : RHP Santiago González
|
Pitching: RHP Santiago González
|
|
Batting: LHB Bob Ware
|
0-0: Ball 1-0: Foul Ball, location: 2F 1-1: SINGLE (Line Drive, 4MD)
|
Batting: RHB Kel Pierce
|
0-0: DOUBLE (Flyball, 89D) Bob Ware to third
|
Batting: LHB Jeff Carter
|
0-0: Called Strike 0-1: Ground out 4-3 (Groundball, 4) Bob Ware scores Kel Pierce to third
|
Batting: LHB Gene Cooper
|
0-0: Foul Ball, location: 2F 0-1: Ball 1-1: Ball 2-1: Called Strike 2-2: Foul Ball, location: 2F 2-2: Foul Ball, location: 2F 2-2: Foul Ball, location: 2F 2-2: Foul Ball, location: 2F 2-2: SINGLE (Groundball, 5D) Kel Pierce scores
|
Batting: LHB Katsumi Morishita
|
0-0: Called Strike 0-1: Swinging Strike 0-2: Ball 1-2: Ball 2-2: Foul Ball, location: 2F 2-2: DOUBLE (Line Drive, 78D) Gene Cooper to third
|
Batting: RHB Júlio Hernández
|
0-0: Ball 1-0: Fly out, F8 (Flyball, 8RD) Runner from 3rd tags up, SCORES, no throw
|
Batting: RHB Guo-xiu Choi
|
0-0: Ball 1-0: Foul Ball, location: 2F 1-1: Foul Ball, location: 2F 1-2: Ball 2-2: SINGLE (Groundball, 56) Katsumi Morishita to third Runner from 3rd tries for Home, SAFE, throw made home Guo-xiu Choi to second
|
Batting: SHB Richard Bowman
|
0-0: Called Strike 0-1: Foul Ball, location: 2F 0-2: Ball 1-2: Foul Ball, location: 2F 1-2: Fly out, F6 (Popup, 6D)
|
Top of the 1st over - 4 run(s), 5 hit(s), 0 error(s), 1 left on base; St Charles 4 - Vista 0 |
BOTTOM OF THE 1ST |
Vista Panthers batting - Pitching for St Charles Sheens : RHP Joe O'Sullivan
|
Pitching: RHP Joe O'Sullivan
|
|
Batting: RHB Wilson López
|
0-0: Ground out U3 (Groundball, 3L)
|
Batting: SHB Juan Gómez
|
0-0: Fly out, F5 (Popup, 5SF)
|
Batting: LHB Jesús González
|
0-0: Foul Ball, location: 2F 0-1: Ball 1-1: Ground out U3 (Groundball, 3)
|
Bottom of the 1st over - 0 run(s), 0 hit(s), 0 error(s), 0 left on base; St Charles 4 - Vista 0 |
TOP OF THE 2ND |
St Charles Sheens batting - Pitching for Vista Panthers : RHP Santiago González
|
Batting: RHB Alfredo Rivera
|
0-0: Foul Ball, location: 2F 0-1: Ball 1-1: Ball 2-1: Fly out, F9 (Flyball, 89M)
|
Batting: LHB Bob Ware
|
0-0: Called Strike 0-1: Ball 1-1: Ball 2-1: Foul Ball, location: 2F 2-2: Foul Ball, location: 2F 2-2: Foul Ball, location: 2F 2-2: Ball 3-2: DOUBLE (Flyball, 9LS)
|
Batting: RHB Kel Pierce
|
0-0: Ball 1-0: Foul Ball, location: 2F 1-1: Swinging Strike 1-2: Strikes out swinging
|
Batting: LHB Jeff Carter
|
0-0: Ball 1-0: Ball 2-0: SINGLE (Groundball, 4MD) (infield hit) Bob Ware to third
|
Batting: LHB Gene Cooper
|
0-0: Ball 1-0: Ball 2-0: SINGLE (Line Drive, 34) Bob Ware scores Jeff Carter to second
|
Batting: LHB Katsumi Morishita
|
0-0: Foul Ball, location: 2F 0-1: Ball 1-1: Foul Ball, location: 2F 1-2: Ground out 6-3 (Groundball, 6)
|
Top of the 2nd over - 1 run(s), 3 hit(s), 0 error(s), 2 left on base; St Charles 5 - Vista 0 |
BOTTOM OF THE 2ND |
Vista Panthers batting - Pitching for St Charles Sheens : RHP Joe O'Sullivan
|
Batting: LHB Pablo Rivas
|
0-0: Ground out 1-3 (Groundball, 13S)
|
Batting: RHB Salvador Salas
|
0-0: Called Strike 0-1: Swinging Strike 0-2: Ball 1-2: Ball 2-2: Ground out U3 (Groundball, 3S)
|
Batting: LHB Bob Cunningham
|
0-0: Called Strike 0-1: Foul Ball, location: 2F 0-2: Ground out 3-1 (Groundball, 3)
|
Bottom of the 2nd over - 0 run(s), 0 hit(s), 0 error(s), 0 left on base; St Charles 5 - Vista 0 |
TOP OF THE 3RD |
St Charles Sheens batting - Pitching for Vista Panthers : RHP Santiago González
|
Batting: RHB Júlio Hernández
|
0-0: Swinging Strike 0-1: SINGLE (Line Drive, 56D)
|
Batting: RHB Guo-xiu Choi
|
0-0: Ball 1-0: Foul Ball, location: 2F 1-1: Ball 2-1: SINGLE (Groundball, 6M) Júlio Hernández to second
|
Batting: SHB Richard Bowman
|
0-0: Ball 1-0: Ball 2-0: SINGLE (Line Drive, 8LS) Júlio Hernández to third Guo-xiu Choi to second
|
Batting: RHB Alfredo Rivera
|
0-0: Foul Ball, location: 2F 0-1: Ball 1-1: DOUBLE (Line Drive, 5) Júlio Hernández scores Guo-xiu Choi scores Richard Bowman to third
|
Batting: LHB Bob Ware
|
0-0: Called Strike 0-1: Foul Ball, location: 2F 0-2: Ball 1-2: Foul Ball, location: 2F 1-2: Ground out 4-3 (Groundball, 4) Richard Bowman scores Alfredo Rivera to third
|
Pitching: LHP Juan Barrera
|
|
Batting: RHB Kel Pierce
|
0-0: Fly out, F1 (Line Drive, 13)
|
Batting: LHB Jeff Carter
|
0-0: Ball 1-0: Foul Ball, location: 2F 1-1: Fly out, F8 (Flyball, 8LS)
|
Top of the 3rd over - 3 run(s), 4 hit(s), 0 error(s), 1 left on base; St Charles 8 - Vista 0 |
BOTTOM OF THE 3RD |
Vista Panthers batting - Pitching for St Charles Sheens : RHP Joe O'Sullivan
|
Batting: RHB John Mendelson
|
0-0: Ball 1-0: Swinging Strike 1-1: Ball 2-1: Foul Ball, location: 2F 2-2: Strikes out swinging
|
Batting: RHB Andrew Good
|
0-0: Ball 1-0: Called Strike 1-1: Ground out 4-3 (Groundball, 4)
|
Batting: RHB Javier Deleón
|
0-0: Called Strike 0-1: Ball 1-1: Foul Ball, location: 2F 1-2: Ball 2-2: Foul Ball, location: 2F 2-2: Foul Ball, location: 2F 2-2: Ball 3-2: Foul Ball, location: 2F 3-2: Ground out 6-3 (Groundball, 56)
|
Bottom of the 3rd over - 0 run(s), 0 hit(s), 0 error(s), 0 left on base; St Charles 8 - Vista 0 |
TOP OF THE 4TH |
St Charles Sheens batting - Pitching for Vista Panthers : LHP Juan Barrera
|
Batting: LHB Gene Cooper
|
0-0: Called Strike 0-1: Foul Ball, location: 2F 0-2: Ball 1-2: Ball 2-2: Foul Ball, location: 2F 2-2: Ball 3-2: Strikes out swinging
|
Batting: LHB Katsumi Morishita
|
0-0: Swinging Strike 0-1: Foul Ball, location: 2F 0-2: Foul Ball, location: 2F 0-2: Foul Ball, location: 2F 0-2: Ball 1-2: Strikes out looking
|
Batting: RHB Júlio Hernández
|
0-0: Ball 1-0: Called Strike 1-1: Swinging Strike 1-2: Ground out 6-3 (Groundball, 6)
|
Top of the 4th over - 0 run(s), 0 hit(s), 0 error(s), 0 left on base; St Charles 8 - Vista 0 |
BOTTOM OF THE 4TH |
Vista Panthers batting - Pitching for St Charles Sheens : RHP Joe O'Sullivan
|
Batting: RHB Wilson López
|
0-0: SINGLE (Flyball, 9LS)
|
Batting: SHB Juan Gómez
|
0-0: Called Strike 0-1: Ball 1-1: Swinging Strike 1-2: Ball 2-2: Strikes out swinging
|
Batting: LHB Jesús González
|
0-0: Ball 1-0: Ball 2-0: Ball 3-0: Base on Balls Wilson López to second
|
Batting: LHB Pablo Rivas
|
0-0: Ball 1-0: Foul Ball, location: 2F 1-1: Ball 2-1: Fielders Choice at 2nd, 1-6 (Groundball, 15S) Wilson López to third
|
Batting: RHB Salvador Salas
|
0-0: Swinging Strike 0-1: Ball 1-1: Foul Ball, location: 2F 1-2: Ball 2-2: Ball 3-2: Strikes out swinging
|
Bottom of the 4th over - 0 run(s), 1 hit(s), 0 error(s), 2 left on base; St Charles 8 - Vista 0 |
TOP OF THE 5TH |
St Charles Sheens batting - Pitching for Vista Panthers : LHP Juan Barrera
|
Batting: RHB Guo-xiu Choi
|
0-0: Ball 1-0: Ball 2-0: Called Strike 2-1: Foul Ball, location: 2F 2-2: Ground out 3-1 (Groundball, 3L)
|
Batting: SHB Richard Bowman
|
0-0: SOLO HOME RUN (Flyball, 8LXD), Distance : 428 ft
|
Batting: RHB Alfredo Rivera
|
0-0: Called Strike 0-1: Swinging Strike 0-2: Foul Ball, location: 2F 0-2: Ball 1-2: Strikes out looking
|
Batting: LHB Bob Ware
|
0-0: Ball 1-0: Ground out 6-3 (Groundball, 6)
|
Top of the 5th over - 1 run(s), 1 hit(s), 0 error(s), 0 left on base; St Charles 9 - Vista 0 |
BOTTOM OF THE 5TH |
Vista Panthers batting - Pitching for St Charles Sheens : RHP Joe O'Sullivan
|
Batting: LHB Bob Cunningham
|
0-0: Ball 1-0: Ball 2-0: Called Strike 2-1: SOLO HOME RUN (Line Drive, 9D), Distance : 412 ft
|
Batting: RHB John Mendelson
|
0-0: Ball 1-0: Ground out 1-3 (Groundball, 13S)
|
Batting: RHB Andrew Good
|
0-0: SINGLE (Groundball, 56)
|
Batting: RHB Javier Deleón
|
0-0: Ball 1-0: Foul Ball, location: 2F 1-1: Ball 2-1: Ball 3-1: Swinging Strike 3-2: Strikes out swinging
|
Batting: RHB Wilson López
|
0-0: Called Strike 0-1: Fly out, F9 (Line Drive, 89D)
|
Bottom of the 5th over - 1 run(s), 2 hit(s), 0 error(s), 1 left on base; St Charles 9 - Vista 1 |
TOP OF THE 6TH |
St Charles Sheens batting - Pitching for Vista Panthers : LHP Juan Barrera
|
Batting: RHB Kel Pierce
|
0-0: Ball 1-0: Swinging Strike 1-1: Swinging Strike 1-2: Ball 2-2: Ground out 6-3 (Groundball, 6)
|
Batting: LHB Jeff Carter
|
0-0: Called Strike 0-1: Ball 1-1: Foul Ball, location: 2F 1-2: SINGLE (Line Drive, 9LM)
|
Batting: LHB Gene Cooper
|
0-0: Called Strike 0-1: Foul Ball, location: 2F 0-2: Foul Ball, location: 2F 0-2: Ball 1-2: Foul Ball, location: 2F 1-2: Ball 2-2: Ball 3-2: Foul Ball, location: 2F 3-2: Foul Ball, location: 2F 3-2: Base on Balls Jeff Carter to second
|
Batting: LHB Katsumi Morishita
|
0-0: Called Strike 0-1: Called Strike 0-2: Ball 1-2: Ball 2-2: SINGLE (Groundball, 4MD) Jeff Carter to third Gene Cooper to second Runner from 3rd tries for Home, SAFE, no throw or cutoff
|
Batting: RHB Júlio Hernández
|
0-0: Called Strike 0-1: Ball 1-1: Foul Ball, location: 2F 1-2: Strikes out looking
|
Batting: RHB Guo-xiu Choi
|
0-0: Ball 1-0: Called Strike 1-1: Called Strike 1-2: SINGLE (Groundball, 4MD) (infield hit) Gene Cooper to third Katsumi Morishita to second
|
Batting: SHB Richard Bowman
|
0-0: Foul Ball, location: 2F 0-1: Ball 1-1: Called Strike 1-2: Fly out, F8 (Flyball, 8LM)
|
Top of the 6th over - 1 run(s), 3 hit(s), 0 error(s), 3 left on base; St Charles 10 - Vista 1 |
BOTTOM OF THE 6TH |
Vista Panthers batting - Pitching for St Charles Sheens : RHP Joe O'Sullivan
|
Batting: SHB Juan Gómez
|
0-0: Ball 1-0: Ball 2-0: Ball 3-0: Base on Balls
|
Batting: LHB Jesús González
|
0-0: Ball 1-0: Ball 2-0: Swinging Strike 2-1: Ball 3-1: Base on Balls Juan Gómez to second
|
Batting: LHB Pablo Rivas
|
0-0: Called Strike 0-1: Ball 1-1: Swinging Strike 1-2: Ball 2-2: Ball 3-2: Foul Ball, location: 2F 3-2: Grounds into double play, 4-6-3 (Groundball, 34) Juan Gómez to third
|
Batting: RHB Salvador Salas
|
0-0: Ball 1-0: Called Strike 1-1: Foul Ball, location: 2F 1-2: Ball 2-2: Strikes out swinging
|
Bottom of the 6th over - 0 run(s), 0 hit(s), 0 error(s), 1 left on base; St Charles 10 - Vista 1 |
TOP OF THE 7TH |
St Charles Sheens batting - Pitching for Vista Panthers : LHP Juan Barrera
|
Pitching: LHP Xavier Velázquez
|
|
Batting: RHB Alfredo Rivera
|
0-0: Foul Ball, location: 2F 0-1: Foul Ball, location: 2F 0-2: Ball 1-2: SOLO HOME RUN (Flyball, 9D), Distance : 395 ft
|
Batting: LHB Bob Ware
|
0-0: SINGLE (Groundball, 4MD)
|
Batting: RHB Kel Pierce
|
0-0: Ball Bob Ware steals 2nd base 1-0: Foul Ball, location: 2F 1-1: Sac Bunt - play at first, batter safe! Bob Ware to third
|
Batting: LHB Jeff Carter
|
0-0: Swinging Strike 0-1: Called Strike Kel Pierce steals 2nd base 0-2: Ball 1-2: Ground out 4-3 (Groundball, 4) Bob Ware scores Kel Pierce to third
|
Batting: LHB Gene Cooper
|
0-0: Foul Ball, location: 2F 0-1: Foul Ball, location: 2F 0-2: Foul Ball, location: 2F 0-2: Ball 1-2: Ball 2-2: Foul Ball, location: 2F 2-2: Ground out U3 (Groundball, 3L)
|
Batting: LHB Katsumi Morishita
|
0-0: Called Strike 0-1: Foul Ball, location: 2F 0-2: Strikes out looking
|
Top of the 7th over - 2 run(s), 3 hit(s), 0 error(s), 1 left on base; St Charles 12 - Vista 1 |
BOTTOM OF THE 7TH |
Vista Panthers batting - Pitching for St Charles Sheens : RHP Joe O'Sullivan
|
Batting: LHB Bob Cunningham
|
0-0: Ball 1-0: Ball 2-0: Swinging Strike 2-1: Swinging Strike 2-2: Strikes out swinging
|
Batting: RHB John Mendelson
|
0-0: Ground out 4-3 (Groundball, 4)
|
Batting: RHB Andrew Good
|
0-0: Called Strike 0-1: Foul Ball, location: 2F 0-2: Strikes out looking
|
Bottom of the 7th over - 0 run(s), 0 hit(s), 0 error(s), 0 left on base; St Charles 12 - Vista 1 |
TOP OF THE 8TH |
St Charles Sheens batting - Pitching for Vista Panthers : LHP Xavier Velázquez
|
Batting: RHB Júlio Hernández
|
0-0: Ball 1-0: Called Strike 1-1: Foul Ball, location: 2F 1-2: SINGLE (Line Drive, 34)
|
Batting: RHB Guo-xiu Choi
|
0-0: Ball 1-0: Sac Bunt - play at first, batter OUT! 1-4 Júlio Hernández to second
|
Batting: SHB Richard Bowman
|
0-0: SINGLE (Line Drive, 4MD) Júlio Hernández to third Runner from 3rd tries for Home, SAFE, no throw or cutoff
|
Batting: RHB Alfredo Rivera
|
0-0: Ball 1-0: Ball 2-0: Grounds into double play, 6-4-3 (Groundball, 6)
|
Top of the 8th over - 1 run(s), 2 hit(s), 0 error(s), 0 left on base; St Charles 13 - Vista 1 |
BOTTOM OF THE 8TH |
Vista Panthers batting - Pitching for St Charles Sheens : RHP Joe O'Sullivan
|
Batting: RHB Javier Deleón
|
0-0: Ball 1-0: SINGLE (Groundball, 56D)
|
Batting: RHB Wilson López
|
0-0: Grounds into double play, 5-4-3 (Groundball, 56)
|
Batting: SHB Juan Gómez
|
0-0: Ball 1-0: Ground out 6-3 (Groundball, 6)
|
Bottom of the 8th over - 0 run(s), 1 hit(s), 0 error(s), 0 left on base; St Charles 13 - Vista 1 |
TOP OF THE 9TH |
St Charles Sheens batting - Pitching for Vista Panthers : LHP Xavier Velázquez
|
Batting: LHB Bob Ware
|
0-0: Called Strike 0-1: Called Strike 0-2: Strikes out swinging
|
Batting: RHB Kel Pierce
|
0-0: Called Strike 0-1: Ball 1-1: Fly out, F3 (Popup, 34)
|
Batting: LHB Jeff Carter
|
0-0: Called Strike 0-1: Ball 1-1: Foul Ball, location: 2F 1-2: Ball 2-2: Ground out 1-3 (Groundball, 23)
|
Top of the 9th over - 0 run(s), 0 hit(s), 0 error(s), 0 left on base; St Charles 13 - Vista 1 |
BOTTOM OF THE 9TH |
Vista Panthers batting - Pitching for St Charles Sheens : RHP Joe O'Sullivan
|
Now at C: Xavier Feliciano
|
|
Batting: LHB Jesús González
|
0-0: DOUBLE (Groundball, 3L)
|
Batting: LHB Pablo Rivas
|
0-0: Ground out 4-3 (Groundball, 4) Jesús González to third
|
Batting: RHB Salvador Salas
|
0-0: SINGLE (Line Drive, 9LS) Jesús González scores
|
Batting: LHB Bob Cunningham
|
0-0: Called Strike 0-1: Fielders Choice at 2nd, 3-6 (Groundball, 3)
|
Batting: RHB John Mendelson
|
0-0: Ball 1-0: Swinging Strike 1-1: Ball 2-1: SINGLE (Groundball, 34D) Bob Cunningham to second Runner from 2nd tries for 3rd, SAFE, throw made to third
|
Batting: RHB Andrew Good
|
0-0: Ball 1-0: Ball 2-0: Foul Ball, location: 2F 2-1: Fly out, F4 (Line Drive, 4MS)
|
Bottom of the 9th over - 1 run(s), 3 hit(s), 0 error(s), 2 left on base; St Charles 13 - Vista 2 |
|